 Dungeon Crawl Stone Soup version 0.30-a0-782-ge64f9170bb (webtiles) character file.

Game seed: 592214015956984283

399033 theswoord the Slayer (level 22, -6/193 (198) HPs)
             Began as a Demonspawn Gladiator on Feb 18, 2023.
             Was the Champion of Kikubaaqudgha.
             Killed from afar by a frost giant (35 damage)
             ... with a bolt of cold
             ... on level 5 of the Vaults.
             The game lasted 02:11:59 (46134 turns).

theswoord the Slayer (Demonspawn Gladiator)        Turns: 46134, Time: 02:11:59

HP:   -6/193 (198)  AC: 45    Str: 27    XL:     22   Next: 24%
MP:   20/22         EV: 24    Int: 10    God:    Kikubaaqudgha [******]
Gold: 4077          SH:  4    Dex: 19    Spells: 11/21 levels left

rFire   . . .      SeeInvis +    A - +7 lajatang of Welfare {vamp, rPois rCorr Str+3}
rCold   . . .      Faith    .    (shield currently unavailable)
rNeg    . . .      Spirit   .    w - +0 storm dragon scales
rPois   +          Reflect  .    (helmet unavailable)
rElec   +          Harm     .    j - +1 cloak
rCorr   +          Rampage  .    K - +0 pair of fencer's gloves {Riposte Dex+3}
Will    ++...                    T - +2 pair of boots Stlth
                                 c - amulet of the acrobat
HPRegen 0.52/turn                V - +5 ring of evasion
MPRegen 0.18/turn                Y - +4 ring of protection

@: mighty, death channelling, sanguine armoured, hasted, studying Maces &
Flails, lightly drained, very quick
A: antennae 3, foul stench 3, icemail 1, sanguine armour 3, condensation shield,
demonic willpower
}: 2/15 runes: decaying, gossamer
a: Renounce Religion, Unearth Wretches, Torment, Brand Weapon With Pain, Receive
Forbidden Knowledge


You were on level 5 of the Vaults.
You worshipped Kikubaaqudgha.
Kikubaaqudgha was exalted by your worship.
You visited 9 branches of the dungeon, and saw 40 of its levels.
You visited 1 bazaar.
You also visited: Sewer and Ice Cave.

You collected 4923 gold pieces.
You spent 846 gold pieces at shops.

Inventory:

Hand Weapons
 a - a +1 quarterstaff of flaming
 A - the +7 lajatang of Welfare (weapon) {vamp, rPois rCorr Str+3}
   (You took it off a centaur warrior on level 14 of the Dungeon)

   Str:       It affects your strength (+3).
   rPois:     It protects you from poison.
   rCorr:     It protects you from acid and corrosion.
 U - the +7 lajatang of Order {silver, rMut}
   (You bought it in a shop on level 12 of the Dungeon)

   rMut:      It protects you from mutation.
Missiles
 s - 4 silver javelins
 Q - a throwing net
Armour
 j - a +1 cloak (worn)
 w - +0 storm dragon scales (worn)
 K - the +0 pair of fencer's gloves (worn) {Riposte Dex+3}
   (You found it on level 14 of the Dungeon)

   Riposte:   It allows the wearer to riposte with melee weapons, swiftly
   retaliating against missed or blocked melee attacks.
   Dex:       It affects your dexterity (+3).
 T - a +2 pair of boots (worn)
Jewellery
 c - an amulet of the acrobat (around neck)
 f - a ring of willpower
 N - an amulet of regeneration
 R - a ring of protection from cold
 V - a +5 ring of evasion (left hand)
 Y - a +4 ring of protection (right hand)
Wands
 d - a wand of roots (5)
 k - a wand of mindburst (20)
 m - a wand of digging (8)
 v - a wand of acid (2)
Scrolls
 e - 2 scrolls of fear
 g - 5 scrolls of vulnerability
 l - 3 scrolls of blinking
 t - 3 scrolls of butterflies
 u - 2 scrolls of fog
 y - 13 scrolls of enchant weapon
 E - 5 scrolls of enchant armour
 F - 5 scrolls of magic mapping
 G - 8 scrolls of amnesia
 H - 3 scrolls of torment
 I - 2 scrolls of poison
 L - 10 scrolls of immolation
 M - 2 scrolls of brand weapon
Potions
 h - 8 potions of attraction
 i - 8 potions of ambrosia
 n - 4 potions of curing
 p - 4 potions of mutation
 q - 2 potions of flight
 x - 2 potions of cancellation
 z - 3 potions of lignification
 B - 2 potions of resistance
 C - 3 potions of magic
 D - 11 potions of brilliance
 S - a potion of heal wounds


   Skills:
 + Level 22.6 Fighting
 + Level 16.2 Staves
 - Level 1.7 Throwing
 + Level 16.3 Armour
 + Level 17.6 Dodging
 - Level 20.0 Necromancy


You had 11 spell levels left.
You knew the following spells:

 Your Spells              Type           Power      Damage    Failure   Level
a - Death Channel         Necr           20%        N/A       5%          6
b - Animate Dead          Necr           40%        N/A       1%          4

Your spell library contained the following spells:

 Spells                   Type           Power      Damage    Failure   Level
 Necrotise                Necr           100%       1d9       1%          1
 Sublimation of Blood     Necr           40%        N/A       1%          2
 Vampiric Draining        Necr           40%        2d8       1%          3
 Agony                    Necr           40%        N/A       1%          5
 Kiss of Death            Conj/Necr      80%        2d11      2%          1
 Anguish                  Hex/Necr       10%        N/A       22%         4
 Borgnjor's Vile Clutch   Necr/Erth      10%        N/A       52%         5
 Freeze                   Ice            0%         1d3       78%         1
 Simulacrum               Ice/Necr       10%        N/A       97%         6
 Frozen Ramparts          Ice            0%         1d1       98%         3
 Hailstorm                Conj/Ice       0%         3d3       98%         3


Dungeon Overview and Level Annotations

Branches:
Dungeon (15/15)            Temple (1/1) D:4            Lair (5/5) D:8
  Swamp (4/4) Lair:3       Spider (4/4) Lair:3        Slime (0/5) Lair:4
    Orc (2/2) D:12            Elf (3/3) Orc:2        Vaults (5/5) D:14
  Crypt (0/3) Vaults:3     Depths (1/4) D:15          Sewer (visited)
  IceCv (visited)

Altars:
Ashenzari
Cheibriados
Fedhas
Gozag
Kikubaaqudgha
Makhleb
Nemelex Xobeh
Okawaru
Sif Muna
Trog
Uskayaw
Vehumet
Wu Jian
Xom
Yredelemnul
Jiyva

Shops:
D:9 ?   D:12 (   D:15 :[   Orc:2 (?*?   Elf:1 *   Vaults:1 :   Vaults:4 *

Annotations:
Lair:4 exclusion: ice statue


Innate Abilities, Weirdness & Mutations

You have a pair of large antennae on your head. (SInv)
You frequently emit foul miasma when damaged in melee.
A meltable icy envelope protects you from harm. (AC +4)
When seriously injured, your blood forms very thick armour. (AC +12)
A meltable shield of frost defends you. (SH +4)
You punish those that try to bend your will. (Will+)


Message History

A black bear comes into view.
The frost giant seems less brilliant.
Your spectral tengu reaver hits the yaktaur captain!
Your spectral tengu reaver closely misses the yaktaur captain. x2
The vault guard hits you but does no damage.
The frost giant casts a spell at you. The bolt of cold hits you!!
* * * LOW HITPOINT WARNING * * *
The yaktaur captain shoots a bolt.
The bolt closely misses you.
Items here: ! $ )))) ? [[[ ††.
You chop the yaktaur captain into pieces!!!
You hear a shout!
The vault sentinel blows a loud note on a signal horn!
The yaktaur captain unwields a +0 arbalest.
The yaktaur captain completely misses you.
Your spectral tengu reaver hits the yaktaur captain!
Your spectral tengu reaver drains the yaktaur captain.
Your spectral tengu reaver barely misses the yaktaur captain.
Your spectral tengu reaver claws the yaktaur captain.
You hear a deafening roar!
You hear a screech!
You hear a shout! x2
You slice the yaktaur captain!!
You feel better.
The frost giant gestures at you while chanting.
The bolt of cold misses you.
The vault guard hits you but does no damage.
The yaktaur captain shoots a bolt.
The bolt hits your spectral yaktaur captain!!
Your spectral yaktaur captain is destroyed!
You slash the yaktaur captain!
You feel better.
You kill the yaktaur captain!
Kikubaaqudgha accepts your kill.
A glowing mist starts to gather...
Your spectral tengu reaver hits the yaktaur captain!
Your spectral tengu reaver drains the yaktaur captain.
Your spectral tengu reaver barely misses the yaktaur captain.
Your spectral tengu reaver claws the yaktaur captain but does no damage.
You feel very mighty all of a sudden. The frost giant casts a spell at you.
The bolt of cold hits you!!
You die...
Kikubaaqudgha rasps: "You have failed me!
Welcome... death!"

{ .. ... ..
.. .. .{{ ..
{{####### #
##
{{{{{#.#.#.#
.# {
{#{#.#.#.#{#.
{#C#)#{.{#.{
#c)@#{#{#{
#Z#)#{#{{{
#.#pc{#{# {
#.#Z#p#{#{
#.#.#Qh{#{
#.#.#)#)# {
#.#.#)#.#
#.#.#†#.#
..#)#..


You could see a frost giant, a tengu reaver (empowered), 2 yaktaur captains, a
vault guard (ally target), a vault sentinel, a black bear, a friendly spectral
yaktaur captain and a friendly spectral tengu reaver.

Vanquished Creatures
  Mara (Elf:3)
  Bai Suzhen (Swamp:4)
  The ghost of Ymilidghe the Brawler, an adept TrGl of Elyvilon (Vaults:4)
  Arachne (Spider:4)
  Rupert (Spider:1)
  3 tentacled monstrosities
  2 titans (Vaults:5)
  The ghost of Suryr the Thaumaturge, an adept GnHW of Sif Muna (Swamp:1)
  4 sphinxes
  2 deep elf master archers (Elf:3)
  A quicksilver dragon (Vaults:5)
  3 deep elf blademasters
  2 thorn hunters
  A tengu reaver (Vaults:5)
  3 shadow dragons (Vaults:5)
  2 storm dragons
  A fenstrider witch (Swamp:4)
  An azure jelly (Swamp:4)
  2 frost giants
  3 fire giants
  5 emperor scorpions
  4 deep elf sorcerers (Elf:3)
  Louise (Spider:1)
  2 ghost moths
  11 vault wardens
  2 deep elf elementalists (Elf:3)
  9 ironbound preservers
  2 orc warlords
  A broodmother (Spider:2)
  2 ironbound thunderhulks (Vaults:4)
  3 war gargoyles (Vaults:5)
  3 very ugly things
  4 stone giants
  3 eleionomae
  7 deep elf demonologists
  6 deep elf annihilators
  Azrael (Elf:2)
  12 dire elephants
  4 bunyips
  4 crystal guardians
  10 deep elf death magi
  2 spark wasps
  4 ettins
  The ghost of Feuduid the Carver, a journeyman DgAr (D:12)
  2 shambling mangroves
  9 yaktaur captains
  3 deep elf high priests
  5 entropy weavers
  2 fire dragons (Elf:3)
  A caustic shrike simulacrum (IceCv)
  14 vault guards
  Josephine (D:10)
  Harold (Lair:1)
  7 great orbs of eyes
  4 peacekeepers
  A hell beast (Elf:3)
  16 hydras
  3 ice dragons (Swamp:4)
  17 centaur warriors
  8 ironbound frosthearts
  Erica (Lair:2)
  A two-headed ogre (shapeshifter) (Elf:3)
  A deep troll earth mage (D:14)
  11 boulder beetles
  4 two-headed ogres
  4 tengu warriors
  6 alligators
  28 dancing weapons
  A deep troll shaman (Lair:5)
  2 death scarabs
  7 death yaks
  2 orc high priests (Orc:2)
  Urug (Orc:1)
  Sonja (D:10)
  17 deep elf knights
  2 sun moths
  5 goliath frogs
  10 pharaoh ants
  A skyshark (Lair:5)
  2 spriggan druids
  4 orb spiders
  A glowing orange brain (Vaults:4)
  A tengu zombie (Vaults:4)
  A phantasmal warrior (D:14)
  3 swamp dragons
  A bog body (IceCv)
  22 deep trolls
  6 ironbound convokers
  A spriggan simulacrum (IceCv)
  13 deep elf archers
  6 wizards
  3 lindwurms (Vaults:1)
  28 deep elf zephyrmancers
  21 ugly things
  8 orc knights
  10 wolf spiders
  7 necromancers
  5 orc sorcerers
  9 harpies
  4 steelbarb worms
  A stone giant zombie (Vaults:4)
  36 deep elf pyromancers
  6 cyclopes
  A manticore (shapeshifter) (Vaults:5)
  2 moths of wrath
  A wolf spider zombie (D:15)
  A stone giant skeleton (Vaults:4)
  4 human skeletons (Vaults:4)
  4 will-o-the-wisps
  8 manticores
  6 demonic crawlers
  2 naga magi (D:15)
  8 centaur zombies (D:10)
  2 elephants (Lair:5)
  4 black mambas
  12 cane toads
  2 gargoyles
  Maggie (Lair:1)
  An unseen horror (D:12)
  10 vault sentinels
  7 centaur skeletons
  3 rime drakes
  4 torpor snails
  A komodo dragon (shapeshifter) (D:14)
  4 komodo dragons
  Psyche (D:8)
  A redback zombie (D:15)
  2 ice devils (IceCv)
  2 efreet (D:14)
  A tengu conjurer (D:14)
  35 yaktaurs
  16 freezing wraiths
  3 anaconda simulacra (IceCv)
  A merfolk (shapeshifter) (Elf:3)
  3 meliai (D:15)
  11 hornets
  9 trolls
  5 polar bears
  A queen bee (shapeshifter) (Elf:2)
  26 tarantellas
  2 blink frogs (Lair:5)
  A blink frog (shapeshifter) (D:14)
  4 tyrant leeches
  An ettin zombie (Vaults:4)
  A harpy skeleton (D:15)
  A fire giant simulacrum (Vaults:4)
  11 slime creatures
  A meliai zombie (D:10)
  A dream sheep (Lair:5)
  14 jumping spiders
  4 flying skulls (D:10)
  7 spriggans
  3 air elementals
  2 vampires
  4 wraiths
  A dire elephant simulacrum (IceCv)
  15 culicivoras
  52 yaks
  A water elemental (Elf:1)
  3 wyverns
  2 shadows
  Eustachio (D:5)
  4 hogs (Spider:1)
  A basilisk (Lair:4)
  A fire elemental (Elf:2)
  7 vampire mosquitoes
  24 redbacks
  2 swamp worm simulacra (Swamp:4)
  3 wargs
  3 harpy simulacra (IceCv)
  12 swamp worms
  An acid dragon (D:12)
  2 glowing shapeshifter zombies (Vaults:4)
  15 water moccasins
  2 glowing shapeshifter skeletons (Vaults:4)
  7 hell hounds
  An ogre skeleton (Vaults:4)
  15 hydra simulacra (Swamp:4)
  Pargi (Sewer)
  8 ice beasts
  3 sky beasts
  20 orc warriors
  4 black bears
  6 ogres
  15 wolves
  13 centaurs
  A kobold brigand (D:10)
  10 bullfrogs
  A glowing shapeshifter simulacrum (Vaults:4)
  3 necrophages
  4 earth elementals
  A water moccasin zombie (D:5)
  3 scorpions
  4 wights
  A lindwurm simulacrum (IceCv)
  4 killer bees (D:8)
  An electric eel (Lair:1)
  2 howler monkeys
  A crimson imp (D:3)
  A human zombie (D:5)
  5 jellies
  A hound (D:3)
  19 orc priests
  2 bullfrog zombies (D:5)
  2 gnoll boudas
  Ijyb (D:4)
  19 orc wizards
  2 iguanas (D:5)
  5 hell rats (Lair:4)
  4 mummies (D:5)
  A howler monkey skeleton (D:10)
  2 howler monkey zombies (D:10)
  17 gnolls
  6 adders
  A shadow imp (D:6)
  3 white imps
  4 swamp drake simulacra (Swamp:4)
  3 ufetubi
  An adder zombie (D:5)
  5 worms
  5 dart slugs
  62 orcs
  6 endoplasms
  5 giant cockroaches
  6 goblins
  6 hobgoblins
  11 jackals
  5 quokkas
  13 ball pythons
  4 bats
  10 frilled lizards
  11 kobolds
  6 rats
  2 briar patches (Swamp:2)
1336 creatures vanquished.

Vanquished Creatures (collateral kills)
  A tentacled monstrosity (Vaults:5)
  Kirke (Spider:1)
  2 emperor scorpions (Spider:4)
  2 fire giants (Vaults:5)
  2 ghost moths (Spider:4)
  A vault warden (Vaults:1)
  A deep elf elementalist (Elf:3)
  A stone giant (D:14)
  An ironbound thunderhulk (Vaults:1)
  2 ironbound preservers
  2 eleionomae
  3 bunyips (Swamp:2)
  11 dire elephants
  An ettin (Vaults:4)
  A deep elf death mage (Vaults:5)
  2 entropy weavers (Spider:3)
  A deep elf high priest (Vaults:5)
  A great orb of eyes (Vaults:3)
  5 hydras
  3 vault guards
  3 centaur warriors
  2 catoblepae
  2 alligators
  7 death yaks
  A jorogumo (Spider:1)
  A dancing weapon (Elf:3)
  A radroach (Spider:4)
  2 orc high priests (Orc:2)
  6 deep elf knights
  A pharaoh ant (Spider:3)
  2 goliath frogs
  9 deep trolls
  3 orb spiders
  A swamp dragon (Swamp:3)
  A deep elf archer (Elf:1)
  A spriggan druid (Swamp:4)
  2 wizards
  A phantasmal warrior (Vaults:4)
  2 lindwurms
  4 deep elf zephyrmancers
  A necromancer (Vaults:5)
  2 ironbound convokers (Vaults:1)
  3 deep elf pyromancers
  2 ugly things (Vaults:1)
  8 wolf spiders
  An orc sorcerer (Orc:2)
  5 manticores (Elf:3)
  2 ice statues (Spider:2)
  A cyclops (D:14)
  An elephant (Lair:5)
  A vault sentinel (Vaults:1)
  2 demonic crawlers (Spider:1)
  A gargoyle (D:13)
  2 freezing wraiths
  2 komodo dragons
  4 yaktaurs
  3 tyrant leeches
  7 hornets
  7 tarantellas
  A blink frog (Lair:5)
  3 slime creatures (Vaults:1)
  4 culicivoras
  6 jumping spiders
  6 spriggans
  3 hogs (Spider:1)
  9 yaks
  A swamp worm simulacrum (Swamp:4)
  8 redbacks
  4 swamp worms
  A water moccasin (Lair:2)
  2 orc warriors
  3 swamp drakes (Swamp:2)
  2 centaurs (D:15)
  2 wolves
  2 ogres (Orc:1)
  A wight (D:10)
  An electric eel (Spider:4)
  A lava snake (Lair:2)
  3 orc priests
  A hound (D:14)
  2 orc wizards (Orc:1)
  A hell rat (Elf:3)
  A swamp drake simulacrum (Swamp:4)
  13 orcs
  2 briar patches (Swamp:2)
234 creatures vanquished.

Vanquished Creatures (others)
  A tengu reaver (Vaults:5)
  A deep elf sorcerer (Vaults:5)
  A hydra (Lair:5)
  An alligator (Swamp:2)
  2 centaur warriors (D:14)
  4 deep elf knights (Elf:2)
  3 deep elf archers
  A deep troll (Vaults:1)
  3 deep elf pyromancers (Elf:2)
  A phantasmal warrior (Vaults:5)
  3 deep elf zephyrmancers
  A cane toad (Lair:5)
  2 bloated husks (Swamp:3)
  An air elemental (Elf:3)
  A fire elemental (Elf:2)
  An acid dragon (D:14)
  A swamp worm (Swamp:4)
  A bullfrog (Lair:5)
  A water moccasin zombie (Lair:2)
  A polar bear zombie (Lair:4)
  A yak zombie (Lair:2)
  A howler monkey (D:8)
  2 orc wizards
  2 ice beast zombies (Lair:4)
  A briar patch (Swamp:2)
  2 bushes
  22 foxfires
  38 fungi
  45 plants
145 creatures vanquished.

Grand Total: 1715 creatures vanquished

Notes
Turn   | Place    | Note
-------+----------+-------------------------------------------
     0 | D:1      | theswoord the Demonspawn Gladiator began the quest for the
                  | Orb.
     0 | D:1      | Reached XP level 1. HP: 16/16 MP: 1/1
   113 | D:1      | Gained mutation: When seriously injured, your blood forms
                  | armour. (AC +12) [demonic ancestry]
   113 | D:1      | Reached XP level 2. HP: 22/22 MP: 2/2
   141 | D:1      | Reached skill level 1 in Necromancy
   537 | D:1      | Reached XP level 3. HP: 27/27 MP: 3/3
  1092 | D:2      | Found a faded altar of an unknown god.
  1183 | D:2      | Reached XP level 4. HP: 33/33 MP: 4/4
  1452 | D:3      | Found a blossoming altar of Fedhas.
  1486 | D:3      | Found a hide-covered altar of Uskayaw.
  1553 | D:3      | Found a broken altar of Ashenzari.
  1605 | D:3      | Found a burning altar of Makhleb.
  1606 | D:3      | Found a radiant altar of Vehumet.
  1751 | D:3      | Found a bloodstained altar of Trog.
  1836 | D:4      | Noticed a scorpion
  1858 | D:3      | Killed a scorpion
  1859 | D:3      | Gained mutation: When seriously injured, your blood forms
                  | thick armour. (AC +12) [demonic ancestry]
  1859 | D:3      | Reached XP level 5. HP: 20/38 MP: 5/5
  1959 | D:4      | Found a staircase to the Ecumenical Temple.
  1976 | Temple   | Entered the Ecumenical Temple
  1988 | Temple   | Became a worshipper of Kikubaaqudgha
  2010 | D:4      | Noticed an ogre
  2021 | D:4      | Killed an ogre
  2022 | D:4      | Reached skill level 5 in Staves
  2022 | D:4      | Reached XP level 6. HP: 44/44 MP: 6/6
  2109 | D:4      | Noticed Ijyb
  2127 | D:4      | Killed Ijyb
  2652 | D:5      | Entered Level 5 of the Dungeon
  2652 | D:5      | Found a shimmering altar of Xom.
  2752 | D:5      | Noticed Eustachio
  2800 | D:5      | Killed Eustachio
  2801 | D:5      | Gained mutation: A meltable shield of frost defends you.
                  | (SH +4) [demonic ancestry]
  2801 | D:5      | Reached XP level 7. HP: 47/50 MP: 7/7
  2869 | D:5      | Reached * piety under Kikubaaqudgha
  2869 | D:5      | Received a gift from Kikubaaqudgha
  3358 | D:5      | Reached skill level 5 in Necromancy
  3447 | D:5      | Found a shimmering blue altar of Sif Muna.
  3833 | D:5      | Found a basalt altar of Yredelemnul.
  4025 | D:5      | Gained mutation: You have a pair of small antennae on your
                  | head. [demonic ancestry]
  4025 | D:5      | Reached XP level 8. HP: 54/56 MP: 8/8
  4618 | D:6      | Found a glowing drain.
  4653 | Sewer    | Entered a sewer
  4778 | Sewer    | Noticed Pargi
  4798 | Sewer    | Killed Pargi
  4937 | D:6      | Identified a scroll of acquirement
  4937 | D:6      | Acquired a book of Unlife
  4946 | D:6      | Learned a level 6 spell: Death Channel
  5103 | D:6      | Reached ** piety under Kikubaaqudgha
  5319 | D:6      | Reached XP level 9. HP: 57/61 MP: 9/9
  5857 | D:6      | Found an ornate altar of the Wu Jian Council.
  6210 | D:7      | Noticed a troll
  6225 | D:6      | Killed a troll
  6450 | D:7      | Reached skill level 10 in Staves
  6966 | D:8      | Noticed Psyche
  6974 | D:8      | Reached *** piety under Kikubaaqudgha
  6974 | D:8      | Received a gift from Kikubaaqudgha
  7011 | D:8      | Killed Psyche
  7052 | D:8      | Found an opulent altar of Gozag.
  7450 | D:8      | Reached XP level 10. HP: 67/67 MP: 10/10
  7613 | D:8      | Found a staircase to the Lair.
  7779 | D:9      | Paralysed by a hornet for 3 turns
  8137 | D:9      | Found Iganuipp's Magic Scroll Boutique.
  8144 | D:9      | Paralysed by a hornet for 1 turns
  8322 | D:9      | Reached **** piety under Kikubaaqudgha
  8499 | D:9      | Found a sparkling altar of Nemelex Xobeh.
  8523 | D:9      | Noticed a boulder beetle
  8605 | D:9      | Killed a boulder beetle
  9121 | D:10     | Entered Level 10 of the Dungeon
  9167 | D:10     | Noticed a two-headed ogre
  9187 | D:10     | Killed a two-headed ogre
  9188 | D:10     | Reached skill level 10 in Necromancy
  9376 | D:10     | Noticed Sonja
  9576 | D:10     | Noticed a green ugly thing
  9840 | D:10     | Killed Sonja
  9841 | D:10     | Reached skill level 3 in Fighting
 10099 | D:10     | Noticed a necromancer
 10100 | D:10     | Gained mutation: A meltable icy envelope protects you from
                  | harm. (AC +4) [demonic ancestry]
 10100 | D:10     | Reached XP level 11. HP: 53/75 MP: 7/11
 10124 | D:10     | Killed a necromancer
 10159 | D:9      | Reached skill level 4 in Fighting
 10255 | Lair:1   | Entered Level 1 of the Lair of Beasts
 10448 | Lair:1   | Noticed Maggie
 10470 | Lair:1   | Killed Maggie
 10824 | Lair:1   | Noticed Harold
 10852 | Lair:1   | Killed Harold
 10852 | Lair:1   | Reached ***** piety under Kikubaaqudgha
 10853 | Lair:1   | Reached skill level 5 in Fighting
 11243 | Lair:2   | Noticed a death yak
 11243 | Lair:2   | Noticed a death yak
 11307 | Lair:1   | Learned a level 4 spell: Animate Dead
 11529 | Lair:2   | Noticed a death yak
 11543 | Lair:2   | Killed a death yak
 11550 | Lair:1   | Reached skill level 6 in Fighting
 11567 | Lair:1   | Killed a death yak
 11838 | Lair:2   | Gained mutation: You have a pair of antennae on your head.
                  | [demonic ancestry]
 11838 | Lair:2   | Reached XP level 12. HP: 60/89 MP: 4/12
 12435 | Lair:2   | Reached skill level 7 in Fighting
 12489 | Lair:2   | Noticed Erica
 12504 | Lair:2   | Killed Erica
 12565 | Lair:2   | Identified the +4 robe "Pydd" {Regen+}
 12843 | Lair:3   | You fall into a shaft and drop 2 floors!
 12843 | Lair:5   | Entered Level 5 of the Lair of Beasts
 12959 | Lair:3   | Found a staircase to the Swamp.
 13007 | Lair:3   | Found a hole to the Spider Nest.
 13123 | Lair:3   | Reached skill level 8 in Fighting
 14345 | Lair:4   | Reached skill level 9 in Fighting
 14466 | Lair:4   | Found a viscous altar of Jiyva.
 14605 | Lair:4   | Found a staircase to the Slime Pits.
 15345 | Lair:5   | Noticed a five-headed hydra
 15409 | Lair:5   | Killed a five-headed hydra
 15439 | Lair:5   | Reached skill level 10 in Fighting
 15500 | Lair:5   | Noticed a seven-headed hydra
 15501 | Lair:5   | Noticed a five-headed hydra
 15649 | Lair:5   | Noticed a four-headed hydra
 15661 | Lair:5   | HP: 2/97 [black mamba (9)]
 15675 | Lair:5   | Gained mutation: When seriously injured, your blood forms
                  | very thick armour. (AC +12) [demonic ancestry]
 15675 | Lair:5   | Reached XP level 13. HP: 32/103 MP: 2/13
 16239 | Lair:5   | Reached XP level 14. HP: 111/111 MP: 14/14
 16250 | Lair:5   | Reached skill level 15 in Necromancy
 16336 | Lair:4   | Reached skill level 11 in Fighting
 16935 | Lair:5   | Reached skill level 12 in Fighting
 17957 | D:10     | Reached ****** piety under Kikubaaqudgha
 18191 | D:10     | Noticed Josephine
 18207 | D:10     | Killed Josephine
 18945 | D:11     | Reached skill level 13 in Fighting
 19378 | D:12     | Reached XP level 15. HP: 123/123 MP: 8/15
 19576 | D:12     | Found Pomiudif's Weapon Emporium.
 19620 | D:12     | Found a staircase to the Orcish Mines.
 19673 | D:12     | Bought a +2 dagger of venom for 158 gold pieces
 19673 | D:12     | Bought the +7 lajatang of Order {silver, rMut} for 688 gold
                  | pieces
 19673 | D:12     | Found the +7 lajatang of Order {silver, rMut}
 19790 | D:12     | Found a runed translucent door.
 19791 | D:12     | Noticed Feuduid's ghost (journeyman DgAr)
 19827 | D:12     | Killed Feuduid's ghost
 19829 | D:12     | Identified the amulet "Rucs" {Spirit Contam rPois Will++
                  | Regen+}
 20724 | Orc:1    | Entered Level 1 of the Orcish Mines
 21043 | Orc:2    | Entered Level 2 of the Orcish Mines
 21186 | Orc:1    | Noticed Urug
 21227 | Orc:2    | Reached skill level 14 in Fighting
 21395 | Orc:2    | Found a staircase to the Elven Halls.
 21498 | Orc:2    | Paralysed by an orc sorcerer for 2 turns
 21923 | Orc:2    | Found Giaceal's Weapon Emporium.
 21923 | Orc:2    | Found Lapowk's Magic Scroll Shop.
 21955 | Orc:2    | Found Ukhlor Bito's Assorted Antiques.
 21955 | Orc:2    | Found Fosm's Magic Scroll Shop.
 22012 | Orc:1    | Killed Urug
 22214 | Elf:1    | Entered Level 1 of the Elven Halls
 22443 | D:13     | Identified the +8 trident of the Vanishing Tales {spect,
                  | *Slow rElec rPois rC+++}
 22780 | D:14     | Found a gate to the Vaults.
 22941 | D:14     | Noticed a storm dragon
 22957 | D:14     | Noticed a frost giant
 23108 | D:14     | Reached skill level 15 in Fighting
 23115 | D:14     | Killed a storm dragon
 23397 | D:14     | Identified the +7 lajatang of Welfare {vamp, rPois rCorr
                  | Str+3}
 23402 | D:14     | Found the +0 pair of fencer's gloves {Riposte Dex+3}
 23636 | D:14     | Gained mutation: You may rarely emit foul miasma when
                  | damaged in melee. [demonic ancestry]
 23636 | D:14     | Reached XP level 16. HP: 136/136 MP: 16/16
 24026 | D:15     | Entered Level 15 of the Dungeon
 24035 | D:15     | Found Xiapat's Armour Emporium.
 24054 | D:15     | Found a flickering gateway to a bazaar.
 24059 | Bazaar   | Entered a bazaar
 24059 | Bazaar   | Found Vuorgham's Antique Armour Shop.
 24080 | Bazaar   | Found Xefeutru's General Store.
 24106 | Bazaar   | Found Gaugooll's Antique Weapon Shop.
 24312 | D:15     | Found Noiloufi's Book Shoppe.
 24635 | D:15     | Found a sparkling altar of Nemelex Xobeh.
 25361 | D:15     | Found a staircase to the Depths.
 25370 | D:15     | Reached skill level 16 in Fighting
 25664 | Swamp:1  | Entered Level 1 of the Swamp
 25764 | Spider:1 | Entered Level 1 of the Spider Nest
 25807 | Spider:1 | Noticed Rupert
 25819 | Spider:1 | Paralysed by Rupert for 5 turns
 25847 | Spider:1 | Killed Rupert
 25959 | Spider:1 | Noticed Kirke
 25972 | Spider:1 | Noticed a sphinx
 25979 | Spider:1 | Killed Kirke
 26033 | Spider:1 | Noticed Louise
 26045 | Spider:1 | Killed Louise
 26662 | Spider:2 | Identified the +1 ring mail "Nolloesh" {Harm}
 26696 | Spider:2 | Found a frozen archway.
 26710 | IceCv    | Entered an ice cave
 26861 | IceCv    | Found the +1 Delatra's gloves {ID++}
 26895 | IceCv    | Found an ancient bone altar of Kikubaaqudgha.
 26914 | IceCv    | Reached skill level 17 in Fighting
 27335 | Spider:2 | Reached skill level 5 in Dodging
 27712 | Spider:2 | Reached XP level 17. HP: 134/147 MP: 17/17
 28766 | Spider:3 | Identified the +1 robe "Kajokiust" {rPois rC- MP+9}
 29061 | Spider:4 | Entered Level 4 of the Spider Nest
 29080 | Spider:4 | Noticed Arachne
 29088 | Spider:4 | Killed Arachne
 29497 | Spider:4 | Reached skill level 18 in Fighting
 29886 | Spider:4 | Got a gossamer rune of Zot
 30381 | Elf:1    | Reached skill level 10 in Armour
 30552 | Elf:1    | Found Zuudonly's Assorted Antiques.
 30719 | Elf:1    | Gained mutation: You have a pair of large antennae on your
                  | head. (SInv) [demonic ancestry]
 30719 | Elf:1    | Reached XP level 18. HP: 69/158 MP: 10/18
 31118 | Elf:1    | Identified the +2 leather armour of Zic Naer {Slay+2}
 31497 | Elf:2    | Paralysed by an air elemental for 1 turns
 31609 | Elf:2    | Paralysed by an air elemental for 1 turns
 32010 | Elf:2    | Reached skill level 19 in Fighting
 32139 | Elf:2    | Found a runed translucent gate.
 32140 | Elf:2    | Found a runed translucent gate.
 32140 | Elf:2    | Found a runed translucent gate.
 32194 | Elf:2    | Reached skill level 10 in Dodging
 32272 | Elf:2    | Identified the +1 robe "Atevonol" {-Cast rCorr Str-2 Dex+7}
 32326 | Elf:2    | Found an ancient bone altar of Kikubaaqudgha.
 32707 | Elf:2    | Noticed Azrael
 32722 | Elf:2    | Killed Azrael
 33207 | Elf:3    | Entered Level 3 of the Elven Halls
 33249 | Elf:3    | Paralysed by an air elemental for 1 turns
 33854 | Elf:3    | Gained mutation: You punish those that try to bend your
                  | will. (Will+) [demonic ancestry]
 33854 | Elf:3    | Reached XP level 19. HP: 167/167 MP: 19/19
 34230 | Elf:3    | Noticed a Tzitzimitl
 34552 | Elf:3    | Identified the +3 plate armour of Aziuckiw {rF++ Int-2}
 34623 | Elf:3    | Reached skill level 20 in Fighting
 34722 | Elf:3    | Noticed Mara
 34723 | Elf:3    | Identified the +5 battleaxe "Rummage" {vamp, rPois rCorr
                  | Dex-5}
 34725 | Elf:3    | Noticed theswoord's illusion
 34929 | Elf:3    | Identified the +8 chain mail of Summertime {*Corrode Fly
                  | Int+4 Slay+3}
 35013 | Elf:3    | Noticed theswoord's illusion
 35259 | Elf:3    | Noticed theswoord's illusion
 35372 | Elf:3    | Noticed theswoord's illusion
 35488 | Elf:3    | Noticed theswoord's illusion
 35488 | Elf:3    | Killed Mara
 35603 | Elf:3    | Identified the +12 falchion "Arappual" {elec, Str-5 Int+3
                  | Dex+2 SInv}
 35977 | Depths:1 | Entered Level 1 of the Depths
 36054 | Vaults:1 | Entered Level 1 of the Vaults
 36278 | Vaults:1 | Found Munwuefi's Book Shoppe.
 37062 | Vaults:1 | Reached XP level 20. HP: 178/178 MP: 16/20
 38054 | Vaults:2 | Reached skill level 21 in Fighting
 39199 | Vaults:3 | Reached skill level 15 in Dodging
 39403 | Vaults:3 | Found a staircase to the Crypt.
 39403 | Vaults:3 | Found an ancient bone altar of Kikubaaqudgha.
 39404 | Vaults:3 | Found a basalt altar of Yredelemnul.
 39960 | Vaults:3 | You fall into a shaft and drop 1 floor!
 40211 | Vaults:4 | Found Umoi's General Store.
 40898 | Vaults:4 | Reached skill level 15 in Armour
 40898 | Vaults:4 | Gained mutation: You sometimes emit foul miasma when
                  | damaged in melee. [demonic ancestry]
 40898 | Vaults:4 | Reached XP level 21. HP: 160/186 MP: 15/21
 41279 | Vaults:4 | Found a runed translucent door.
 41279 | Vaults:4 | Found a shimmering altar of Xom.
 41279 | Vaults:4 | Noticed Ymilidghe's ghost (adept TrGl)
 41339 | Vaults:4 | Reached skill level 15 in Staves
 41840 | Vaults:4 | Killed Ymilidghe's ghost
 42758 | Swamp:1  | Found a runed translucent door.
 42759 | Swamp:1  | Noticed Suryr's ghost (adept GnHW)
 43212 | Swamp:1  | Killed Suryr's ghost
 43674 | Swamp:3  | Reached skill level 22 in Fighting
 43899 | Swamp:3  | Identified the +1 mace of Defilement {flame, rCorr Str+3}
 44234 | Swamp:4  | Entered Level 4 of the Swamp
 44243 | Swamp:4  | Noticed Bai Suzhen
 44261 | Swamp:4  | Killed Bai Suzhen
 44945 | Swamp:4  | Got a decaying rune of Zot
 45618 | Vaults:5 | Entered Level 5 of the Vaults
 45725 | Vaults:5 | HP: 8/189 [fire giant/fireball (27)]
 45938 | Vaults:5 | Gained mutation: You frequently emit foul miasma when
                  | damaged in melee. [demonic ancestry]
 45938 | Vaults:5 | Reached XP level 22. HP: 84/188 MP: 22/22
 46079 | Vaults:5 | Identified the +8 quarterstaff "Dolef" {freeze, rElec Int+3
                  | Dex+7 Stlth-}
 46134 | Vaults:5 | Killed from afar by a frost giant

Skill      XL: |  1  2  3  4  5  6  7  8  9 10 11 12 13 14 15 16 17 18 19 20 21 |
---------------+----------------------------------------------------------------+-----
Staves         | 3 4 5 6 7 9 11 12 14 16 | 16.2
Necromancy     | 1 2 3 4 5 7 9 10 12 14 16 19 20 | 20.0
Fighting       | 3 6 10 13 15 17 18 19 20 21 22 | 22.6
Armour         | 6 7 10 12 13 15 16 | 16.3
Dodging        | 5 8 10 13 15 17 | 17.6
Throwing       | |  1.7

Action                     |  1- 3 |  4- 6 |  7- 9 | 10-12 | 13-15 | 16-18 | 19-21 | 22-24 || total
---------------------------+-------+-------+-------+-------+-------+-------+-------+-------++-------
  Melee: Quarterstaff      |   128 |   149 |   619 |  1006 |   718 |       |       |       ||  2620
         Lajatang          |       |       |       |       |   474 |  1394 |  1742 |   166 ||  3776
  Throw: Throwing net      |       |     4 |     3 |     4 |     1 |     1 |       |       ||    13
         Javelin           |       |     1 |       |    20 |       |       |       |       ||    21
   Cast: Animate Dead      |       |       |       |     5 |       |       |       |       ||     5
         Death Channel     |       |       |       |     3 |    37 |    70 |    74 |     3 ||   187
 Invoke: Unearth Wretches  |       |       |       |     2 |     2 |     3 |     1 |       ||     8
         Torment           |       |       |       |       |     2 |     2 |     3 |       ||     7
  Evoke: Wand              |       |       |     3 |     9 |     6 |       |     1 |       ||    19
    Use: Scroll            |     5 |     4 |    12 |    14 |     6 |     8 |     7 |       ||    56
         Potion            |       |       |     3 |     7 |     3 |    16 |     8 |     4 ||    41
   Stab: Sleeping          |     2 |       |       |     2 |     1 |       |       |       ||     5
         Distracted        |       |       |     1 |     3 |    16 |    12 |    20 |     1 ||    53
         Invisible         |       |       |     1 |       |       |       |       |       ||     1
         Paralysed         |       |       |       |     8 |     4 |     2 |     2 |       ||    16
         Held in net/web   |       |       |       |     2 |       |       |       |       ||     2
         Confused          |       |       |       |       |       |       |     1 |       ||     1
         Fleeing           |       |       |       |       |       |       |     1 |       ||     1
 Armour: Leather armour    |    14 |       |       |       |       |       |       |       ||    14
         Scale mail        |    40 |    94 |   212 |       |       |       |       |       ||   346
         Troll leather arm |       |       |    75 |   338 |   618 |   700 |       |       ||  1731
         Skin              |       |       |       |       |       |    30 |       |       ||    30
         Storm dragon scal |       |       |       |       |       |   360 |  1015 |    76 ||  1451
  Dodge: Dodged            |    68 |    95 |   298 |   464 |   660 |  1092 |  1501 |   140 ||  4318
  Block: Other             |       |       |    94 |   136 |   143 |   222 |   245 |    15 ||   855
Riposte: Lajatang          |       |       |       |       |       |   264 |   362 |    26 ||   652

Levels and vault maps discovered:
D:1:      ebering_hopf_link, layout_basic
D:2:      minmay_kobold_bridge, layout_basic,
          shapermc_ecumenical_altar_mp_ritualfount
D:3:      layout_rooms, grunt_temple_overflow_lords_of_destruction,
          cheibrodos_ashenzari_chains, trog_book, mainiacjoe_overflow_two_lobes
D:4:      layout_rooms, minmay_temple_entry_glass, uniq_ijyb
D:5:      cheibrodos_helix_gallery, layout_cave_pods, lemuel_crystal_altar,
          lemuel_blue_sif_altar, lemuel_mausoleum_altar_yredelemnul,
          mainiacjoe_overflow_surrounded_room, amcnicky_mini_corridor_feature,
          serial_bayou_ford_a, corexii_shack, uniq_eustachio
D:6:      layout_gridville, pdpol_wu_jian_five_deadly_venoms,
          cheibrodos_sewer_entry_bend
D:7:      layout_cave_pools, old_standard_altar
D:8:      layout_basic, grunt_gozag_statues, lair_entry_dummy, uniq_psyche
D:9:      layout_basic, mainiacjoe_overflow_brackets, serial_shops,
          shop_scrolls, roderic_lattice_a, nzn_sisyphean_effort
D:10:     hangedman_screamer, layout_stronghold, minmay_quadrilaterals,
          uniq_sonja
D:11:     layout_irregular_city, kennysheep_small_circle
D:12:     layout_gridville, orc_david_3, gammafunk_ghost_grave
D:13:     layout_cave_pools
D:14:     minmay_complete_graph, layout_basic, david_vaults_1
D:15:     grunt_enter_depths_magical_seal, layout_layer_cave, serial_shops,
          bzr_entry_road, shop, nicolae_shop_stone, nemelex_spade_bored_becter
Temple:   nicolae_temple_colour_theory
Lair:1:   layout_hall_layers, serial_bayou_shore_a, infiniplex_staircase_pool,
          grunt_megastairs_3, uniq_maggie, uniq_harold
Lair:2:   layout_gridlike, uniq_erica
Lair:3:   layout_small_grid, swamp_mist, nicolae_spider_entry_orb_guardian,
          beast_lair_carwin_4, infiniplex_staircase_pool_2
Lair:4:   layout_regular_city, nicolae_slime_entry_field_trip, ice2_lemuel
Lair:5:   grunt_lair_end_beastmaster, layout_long_grid
Swamp:1:  layout_basic_swamp, ebering_ghost_inner_flame,
          evilmike_swamp_ruin_house_2, swamp_pool3
Swamp:2:  layout_basic_swamp, evilmike_swamp_ruin_house_1
Swamp:3:  layout_falls_marsh, nicolae_swamp_tree_isthmus
Swamp:4:  swamp_icy, layout_basic_swamp, ldierk_geyser, swamp_pool3,
          uniq_bai_suzhen
Spider:1: layout_spider_delve, uniq_kirke, uniq_rupert, uniq_louise
Spider:2: nicolae_spider_broodchamber, portal_ice_cave_entry_ice_statue_two
Spider:3: cheibrodos_spider_silkery, nicolae_spider_checkerboard
Spider:4: grunt_spider_rune_circles, uniq_arachne
Orc:1:    layout_caves, uniq_urug
Orc:2:    grunt_orc_tribal_feast, layout_diamond_mine, elf_legates
Elf:1:    nicolae_elf_arrival_fired_up, layout_loops_cross, serial_shops, shop,
          hangedman_elf_represent
Elf:2:    nicolae_elf_blades_crystal_corner, layout_rooms, basic_altar,
          minivault_25_ag, nrook_loot_triangle, uniq_azrael
Elf:3:    elf_hall_gauntlet_narrow, layout_loops_cross, special_room
          [special_room_mythical_zoo], uniq_mara
Vaults:1: vaults_dpeg_encased_lava, v_misc_11, v_rooms_2, vaults_room_pool,
          vaults_room_grunt_arrival_ludios, nicolae_vaults_ring_of_whatevers,
          v_misc_25, vaults_mumra_hexcomb, ontoclasm_vaults_decontamination,
          vaults_room_door_hall, nicolae_vaults_little_squares_6,
          vaults_dpeg_cross, grunt_vaults_hallway_short,
          layout_vaults_omnicross, serial_shops, nicolae_shop_trees
Vaults:2: serial_ice_h, vaults_mumra_chevron, nicolae_vaults_little_squares_2,
          ontoclasm_vaults_chip, vaults_dpeg_emergency_exit,
          layout_vaults_omnigrid
Vaults:3: v_misc_24, nicolae_vaults_ring_of_whatevers, v_pattern_5,
          ontoclasm_vaults_hangar, minmay_crypt_entry_necro_gods,
          nicolae_vaults_network_barrier, v_misc_11,
          nicolae_vaults_network_star, nicolae_vaults_circle_grid_a,
          vaults_dpeg_doors, nicolae_vaults_network_quinsquares
          [nicolae_vaults_network_quincunx_subvault,
          nicolae_vaults_network_quincunx_subvault,
          nicolae_vaults_network_quincunx_subvault,
          nicolae_vaults_network_quincunx_subvault], layout_vaults_maze_bifur
Vaults:4: ebering_ghost_xom, st_octagons_1, v_rooms_4, hangedman_vaults_nails,
          nicolae_vaults_alarming, nicolae_vaults_little_squares_4,
          nicolae_vaults_rhombus_6, vaults_room_corners,
          nicolae_vaults_gold_heap, layout_vaults_chaotic_city, serial_shops,
          nicolae_shop_crystal
Vaults:5
Depths:1: layout_cave_pools, pf_hell_entry_tar_spiral, elyvilon_altar_4,
          abyss_entry, minmay_variable_closet, chequers_serial_rivers_marsh,
          serial_bayou_lake_a, uniq_sojobo
